 Dungeon Crawl Stone Soup version 0.23.2-11-gf996548c65 (webtiles) character file.

Game seed: 708725341258201271

639 Nattfarinn the Poker (level 7, -1/61 HPs)
             Began as a Minotaur Fighter on June 4, 2019.
             Slain by a mummy (13 damage)
             ... in an ossuary.
             The game lasted 00:06:20 (3555 turns).

Nattfarinn the Poker (Minotaur Fighter)             Turns: 3555, Time: 00:06:21

Health: -1/61      AC:  7    Str: 25    XL:     7   Next: 26%
Magic:  6/6        EV:  7    Int:  5    God:
Gold:   219        SH: 10    Dex: 12    Spells: 6/6 levels left

rFire    + . .     SeeInvis .   a - +1 trident
rCold    x . .     Gourm    .   c - +0 shield
rNeg     . . .     Faith    .   e - +0 scale mail {rPois}
rPois    +         Spirit   .   (helmet restricted)
rElec    .         Reflect  .   (no cloak)
rCorr    .         Harm     .   (no gloves)
MR       .....                  (no boots)
Stlth    ..........             (no amulet)
HPRegen  0.20/turn              l - ring of fire
MPRegen  0.10/turn              (no ring)

@: mighty
A: retaliatory headbutt, horns 2
a: no special abilities


You were in an ossuary.
You were not hungry.

You visited 1 branch of the dungeon, and saw 4 of its levels.
You also visited: Ossuary.

You collected 219 gold pieces.

Inventory:

Hand Weapons
 a - a +1 trident (weapon)
Missiles
 j - 7 javelins (quivered)
Armour
 b - a +0 scale mail
 c - a +0 shield (worn)
 e - a +0 scale mail of poison resistance (worn)
Jewellery
 l - a ring of fire (left hand)
Scrolls
 i - 2 scrolls of teleportation
 o - 5 scrolls of identify {unknown}
Potions
 h - a potion of lignification
 k - 3 potions of agility
Comestibles
 f - 3 rations
 g - 4 chunks of flesh


   Skills:
 + Level 5.3 Fighting
 * Level 5.8 Polearms
 * Level 3.6 Throwing
 + Level 5.4 Armour
 - Level 4.3 Shields


You had 6 spell levels left.
You didn't know any spells.
Your spell library contained the following spells:

 Spells                   Type           Power        Failure   Level  Hunger
 Summon Small Mammal      Summ           #...         99%         1    ##.....
 Call Imp                 Summ           #.......     100%        2    ###....
 Call Canine Familiar     Summ           #.......     100%        3    ####...
 Summon Guardian Golem    Hex/Summ       #.......     100%        3    ####...
 Summon Ice Beast         Ice/Summ       #.......     100%        4    #####..
 Summon Lightning Spire   Summ/Air       #.......     100%        4    #####..


Dungeon Overview and Level Annotations

Branches:
Dungeon (4/15)
 Temple: D:4-7

Altars:
Dithmenos
Elyvilon
Gozag
Qazlal
Wu Jian


Innate Abilities, Weirdness & Mutations

You reflexively headbutt those who attack you in melee.
You have a pair of horns on your head.


Message History

The mummy is severely damaged.
The big kobold zombie hits you. The mummy hits you.
* * * LOW HITPOINT WARNING * * *
You are too injured to fight recklessly!
You are too injured to fight recklessly!
You are too injured to fight recklessly!
You are too injured to fight recklessly!
You are too injured to fight recklessly!
You are too injured to fight recklessly!
You are too injured to fight recklessly!
You are too injured to fight recklessly!
You are too injured to fight recklessly!
You are too injured to fight recklessly!
Sorry, you're not good enough to have a special ability.
Unknown command.
You feel very mighty all of a sudden. The big kobold zombie hits you.
* * * LOW HITPOINT WARNING * * *
The mummy hits you!
You die...

#......#
#....#
#....#
#....#
#....#
#....#
#M...#
#MM..#
#@Z..#
#.∩∩.#
######


You could see 3 mummies and a big kobold zombie.

Vanquished Creatures
  Sigmund (D:3)
  A water moccasin (D:3)
  An ogre (D:3)
  A howler monkey (D:4)
  2 orc priests (D:4)
  A mummy (Ossuary)
  Robin (D:3)
  4 adders
  2 oozes
  2 worms
  2 dart slugs
  3 leopard geckos
  6 orcs
  2 ball pythons
  8 giant cockroaches
  8 hobgoblins
  6 jackals
  7 bats
  4 frilled lizards
  2 gnoll zombies (Ossuary)
  18 goblins
  2 hobgoblin zombies (Ossuary)
  7 kobolds
  3 orc zombies (Ossuary)
  11 rats
105 creatures vanquished.

Notes
Turn   | Place    | Note
-------+----------+-------------------------------------------
     0 | D:1      | Nattfarinn the Minotaur Fighter began the quest for the
                  | Orb.
     0 | D:1      | Reached XP level 1. HP: 19/19 MP: 0/0
   127 | D:1      | Reached XP level 2. HP: 26/27 MP: 1/1
   315 | D:1      | Reached XP level 3. HP: 31/33 MP: 2/2
  1160 | D:2      | Reached XP level 4. HP: 39/41 MP: 3/3
  1594 | D:3      | Noticed an ogre
  1602 | D:3      | Killed an ogre
  1602 | D:3      | Reached skill level 1 in Throwing
  1602 | D:3      | Reached XP level 5. HP: 4/47 MP: 4/4
  1884 | D:3      | Noticed Robin
  1897 | D:3      | Killed Robin
  2072 | D:3      | Found a stormy altar of Qazlal.
  2086 | D:3      | Found an ornate altar of the Wu Jian Council.
  2284 | D:3      | Noticed a water moccasin
  2291 | D:3      | Killed a water moccasin
  2291 | D:3      | Reached skill level 5 in Armour
  2291 | D:3      | Reached XP level 6. HP: 32/55 MP: 5/5
  2611 | D:3      | Found an opulent altar of Gozag.
  2727 | D:3      | Noticed Sigmund
  2810 | D:2      | Found a white marble altar of Elyvilon.
  2810 | D:2      | Found a shadowy altar of Dithmenos.
  3116 | D:3      | Killed Sigmund
  3116 | D:3      | Reached skill level 5 in Fighting
  3116 | D:3      | Reached skill level 5 in Polearms
  3419 | D:4      | Reached XP level 7. HP: 56/61 MP: 6/6
  3466 | D:4      | Found a sand-covered staircase.
  3482 | Ossuary  | Entered an ossuary
  3555 | Ossuary  | Slain by a mummy

Skill      XL: |  1  2  3  4  5  6 |
---------------+-------------------+-----
Fighting       | 4 5 |  5.3
Armour         | 4 5 |  5.4
Polearms       | 3 4 5 |  5.8
Shields        | 4 |  4.3
Throwing       | 1 2 3 |  3.6

Action                   |  1- 3 |  4- 6 |  7- 9 || total
-------------------------+-------+-------+-------++-------
Melee: Trident           |   125 |   132 |    43 ||   300
       Headbutt          |    16 |    20 |     7 ||    43
Throw: Javelin           |       |     7 |       ||     7
  Use: Scroll            |       |     5 |     1 ||     6
       Potion            |       |     4 |     1 ||     5
  Eat: Chunk             |     1 |     2 |       ||     3
       Ration            |       |     2 |       ||     2
Armor: Scale mail        |    54 |    48 |     4 ||   106
       Skin              |       |     9 |       ||     9
Dodge: Dodged            |    20 |    42 |     6 ||    68
Block: Shield            |    52 |    49 |    15 ||   116
